 Dungeon Crawl Stone Soup version 0.28.0-53-g5a82cb258f (webtiles) character file.

Game seed: 3013718800353180569

2533 Neuros91 the Skirmisher (level 9, 0/71 HPs)
             Began as a Human Berserker on June 15, 2022.
             Was a Believer of Trog.
             Slain by a sixfirhy (11 damage)
             ... summoned by a kobold demonologist
             ... on level 8 of the Dungeon.
             The game lasted 00:39:58 (6140 turns).

Neuros91 the Skirmisher (Human Berserker)           Turns: 6140, Time: 00:40:00

Health: 0/71       AC: 21    Str: 22    XL:     9   Next: 84%
Magic:  9/9        EV: 11    Int:  7    God:    Trog [**....]
Gold:   128        SH:  0    Dex: 13    Spells: 8/8 levels left

rFire   . . .      SeeInvis .   t - +2 halberd (vorpal)
rCold   + + .      Faith    .   (shield currently unavailable)
rNeg    . . .      Spirit   .   d - +3 chain mail {rC+}
rPois   .          Reflect  .   (helmet restricted)
rElec   .          Harm     .   i - +2 cloak
rCorr   .          Rampage  .   (no gloves)
Will    .....                   A - +0 pair of boots
Stlth   ..........              q - amulet of regeneration
HPRegen 1.01/turn               j - ring of protection from cold
MPRegen 0.11/turn               s - +4 ring of protection

@: on berserk cooldown, slowed, very slow
A: antennae 1, sturdy frame 1
a: Renounce Religion, Berserk, Trog's Hand


You were on level 8 of the Dungeon.
You worshipped Trog.
Trog was pleased with you.
You visited 2 branches of the dungeon, and saw 9 of its levels.

You collected 440 gold pieces.
You spent 312 gold pieces at shops.

Inventory:

Hand Weapons
 a - a +1 falchion
 e - a +2 quarterstaff of chaos
 t - a +2 vorpal halberd (weapon)
 u - a +0 flail of protection
 v - a +3 short sword of speed
Missiles
 b - 28 poisoned darts (quivered)
 p - 5 silver javelins
Armour
 d - a +3 chain mail of cold resistance (worn)
 i - a +2 cloak (worn)
 n - +0 steam dragon scales
 A - a +0 pair of boots (worn)
Jewellery
 g - an amulet of faith
 j - a ring of protection from cold (left hand)
 q - an amulet of regeneration (around neck)
 r - a +6 ring of intelligence
 s - a +4 ring of protection (right hand)
Wands
 f - a wand of flame (43)
Scrolls
 h - a scroll of immolation
 k - 5 scrolls of teleportation
 m - 2 scrolls of fog
 o - a scroll of fear
 y - a scroll of brand weapon {unknown}
Potions
 c - 3 potions of curing
 l - a potion of attraction
 w - a potion of brilliance
 x - 3 potions of berserk rage
 z - a potion of lignification
 B - a potion of cancellation
 D - a potion of invisibility {unknown}


   Skills:
 + Level 6.8 Fighting
 - Level 3.9 Long Blades
 - Level 1.2(2.8) Maces & Flails
 + Level 4.0(4.8) Polearms
 - Level 4.0(4.9) Staves
 + Level 6.4 Armour
 + Level 6.4 Dodging


You had 8 spell levels left.
You didn't know any spells.
Your spell library contained the following spells:

 Spells                   Type           Power      Damage    Failure   Level
 Foxfire                  Conj/Fire      0%         2x1d4     90%         1
 Conjure Flame            Conj/Fire      0%         6-21      99%         3
 Dazzling Flash           Conj/Hex       0%         N/A       99%         3
 Inner Flame              Hex/Fire       0%         N/A       99%         3
 Flame Wave               Conj/Fire      0%         2d4       100%        4
 Agony                    Necr           0%         N/A       100%        5
 Silence                  Hex/Air        0%         N/A       100%        5


Dungeon Overview and Level Annotations

Branches:
Dungeon (8/15)             Temple (1/1) D:6
   Lair: D:8-11

Altars:
Cheibriados
Fedhas
Hepliaklqana
Kikubaaqudgha
Nemelex Xobeh
Ru
Trog
Wu Jian
Xom

Shops:
D:4 [


Innate Abilities, Weirdness & Mutations

You have a pair of small antennae on your head.
Your movements are slightly less encumbered by armour. (ER -2)


Message History

You slash the shadow imp!
You kill the shadow imp!
The shadow imp disappears in a puff of smoke!
The sixfirhy completely misses you.
The kobold demonologist barely misses you.
You barely miss the sixfirhy.
The kobold demonologist casts a spell.
The kobold demonologist mumbles some strange words.
The sixfirhy closely misses you.
An orc comes into view. It is wielding a +0 short sword.
You closely miss the sixfirhy. The sixfirhy hits you. The sixfirhy shocks you!
The sixfirhy hits you but does no damage.
The sixfirhy barely misses you.
The sixfirhy hits you but does no damage.
The sixfirhy hits you. The sixfirhy shocks you!
The sixfirhy closely misses you.
The kobold demonologist hits you but does no damage.
The sixfirhy hits you but does no damage.
The kobold demonologist hits you but does no damage.
The iron imp barely misses you.
You're still recovering from your berserk rage.
It was a potion of heal wounds.
You feel much better.
The kobold demonologist casts a spell.
The iron imp barely misses you.
The kobold demonologist casts a spell.
You barely miss the iron imp.
The neqoxec disappears in a puff of smoke!
The sixfirhy hits you. The sixfirhy shocks you! The sixfirhy misses you.
The sixfirhy hits you but does no damage.
The iron imp closely misses you.
The kobold demonologist casts a spell.
The sixfirhy hits you. The sixfirhy shocks you! The iron imp hits you.
You closely miss the iron imp.
The sixfirhy hits you but does no damage. x2
The sixfirhy hits you! The sixfirhy shocks you!
* * * LOW HITPOINT WARNING * * *
The sixfirhy hits you.
* * * LOW HITPOINT WARNING * * *
The sixfirhy shocks you!
You die...

#...# #...#
#...#######
####.........##
...............#
..............ยง##.##.
............{{5......
####.....####o###...K
#.......3@KK# [..
#........5#### .
##.......# ##.....##
#..(# #... ###


You could see 2 kobold demonologists, a sixfirhy (summoned), an iron imp
(summoned), an orc and an ufetubus (summoned).

Vanquished Creatures
  Maggie (D:7)
  Prince Ribbit (D:7)
  Sigmund (D:2)
  A wyvern (D:5)
  Menkaure (D:7)
  Edmund (D:4)
  2 black bears (D:5)
  A necrophage (D:5)
  An ogre (D:5)
  2 centaurs
  3 kobold brigands (D:8)
  Blork the orc (D:4)
  2 bullfrogs
  A water moccasin skeleton (D:4)
  A howler monkey (D:4)
  A centaur zombie (D:4)
  2 jellies
  3 hounds
  Crazy Yiuf (D:2)
  A bullfrog skeleton (D:5)
  Jessica (D:2)
  Natasha (thrice) (D:2)
  2 orc wizards (D:3)
  3 gnolls (D:5)
  3 adders (D:4)
  An ufetubus (D:7)
  An adder skeleton (D:4)
  3 dart slugs
  10 orcs
  5 bats
  4 endoplasms
  3 giant cockroaches
  4 goblins
  2 jackals (D:3)
  5 quokkas
  6 ball pythons
  A frilled lizard (D:2)
  7 kobolds
  9 rats
101 creatures vanquished.

Vanquished Creatures (others)
  An orc wizard (D:3)
  2 plants (D:4)
3 creatures vanquished.

Grand Total: 104 creatures vanquished

Notes
Turn   | Place    | Note
-------+----------+-------------------------------------------
     0 | D:1      | Neuros91 the Human Berserker began the quest for the Orb.
     0 | D:1      | Reached XP level 1. HP: 18/18 MP: 1/1
   209 | D:1      | Reached XP level 2. HP: 21/24 MP: 2/2
   651 | D:1      | Reached XP level 3. HP: 27/29 MP: 3/3
  1243 | D:2      | Noticed Natasha
  1253 | D:2      | Killed Natasha
  1253 | D:2      | Reached ** piety under Trog
  1254 | D:2      | Reached XP level 4. HP: 12/35 MP: 4/4
  1378 | D:2      | Noticed Natasha
  1395 | D:2      | Killed Natasha
  1618 | D:2      | Noticed Natasha
  1631 | D:2      | Killed Natasha
  1632 | D:2      | Reached XP level 5. HP: 20/42 MP: 5/5
  1856 | D:2      | Noticed Jessica
  1860 | D:2      | Killed Jessica
  2027 | D:2      | Found a runed translucent door.
  2028 | D:2      | Noticed Crazy Yiuf
  2038 | D:2      | Killed Crazy Yiuf
  2279 | D:2      | Noticed Sigmund
  2283 | D:2      | Killed Sigmund
  2284 | D:2      | Reached XP level 6. HP: 48/48 MP: 6/6
  2512 | D:3      | Reached XP level 7. HP: 38/55 MP: 7/7
  3256 | D:4      | Found Vacomp's Antique Armour Boutique.
  3289 | D:4      | Noticed Blork the orc
  3301 | D:4      | Killed Blork the orc
  3438 | D:4      | Bought a glowing chain mail for 195 gold pieces
  3557 | D:4      | Noticed Edmund
  3574 | D:4      | Killed Edmund
  3575 | D:4      | Reached XP level 8. HP: 61/61 MP: 8/8
  3706 | D:4      | Gained mutation: You have a pair of small antennae on your
                  | head. [potion of mutation]
  3706 | D:4      | Gained mutation: Your movements are slightly less
                  | encumbered by armour. (ER -2) [potion of mutation]
  3797 | D:4      | Reached skill level 5 in Fighting
  3991 | D:5      | Entered Level 5 of the Dungeon
  4040 | D:5      | Found a snail-covered altar of Cheibriados.
  4064 | D:5      | Found an ornate altar of the Wu Jian Council.
  4071 | D:5      | Reached skill level 1 in Maces & Flails
  4071 | D:5      | Found a bloodstained altar of Trog.
  4076 | D:5      | Found a sparkling altar of Nemelex Xobeh.
  4076 | D:5      | Found an ancient bone altar of Kikubaaqudgha.
  4076 | D:5      | Found a shimmering altar of Xom.
  4122 | D:5      | Found a hazy altar of Hepliaklqana.
  4259 | D:5      | Noticed a wyvern
  4267 | D:5      | Killed a wyvern
  4268 | D:5      | Reached skill level 1 in Polearms
  4268 | D:5      | Reached skill level 5 in Armour
  4268 | D:5      | Reached skill level 5 in Dodging
  4352 | D:5      | Reached XP level 9. HP: 69/69 MP: 9/9
  5015 | D:4      | Bought a pair of boots for 117 gold pieces
  5298 | D:6      | Found a staircase to the Ecumenical Temple.
  5315 | Temple   | Entered the Ecumenical Temple
  5699 | D:7      | Noticed Menkaure
  5714 | D:7      | Killed Menkaure
  5846 | D:7      | Noticed Maggie
  5855 | D:7      | Noticed Prince Ribbit
  5877 | D:7      | Killed Maggie
  5905 | D:7      | Killed Prince Ribbit
  6105 | D:8      | Noticed a kobold demonologist
  6108 | D:8      | Noticed a kobold demonologist
  6118 | D:8      | Noticed an orange demon
  6135 | D:8      | Noticed a sixfirhy
  6140 | D:8      | Slain by a sixfirhy

Illustrated notes

Levels and vault maps discovered:
D:1:      beargit_arrival_greenhouse, layout_loops_ring, minmay_tromino_v4_a
D:2:      layout_basic, uniq_jessica, uniq_natasha, uniq_crazy_yiuf_cottage,
          uniq_sigmund
D:3:      layout_rooms
D:4:      wad_lake_hut, layout_loops_cross, serial_shops,
          nicolae_lakefront_shop, uniq_edmund, uniq_blork_the_orc
D:5:      layout_rooms, cheibriados_altar_1, grunt_temple_overflow_open
D:6:      layout_loops_corners, minmay_temple_entry_offerings
D:7:      layout_rooms, uniq_menkaure, uniq_prince_ribbit1, uniq_maggie
D:8:      layout_loops_cross, nicolae_gozag_seed_capital,
          mainiacjoe_overflow_brackets, nicolae_shop_clearance
Temple:   dpeg_chambers_temple

Skill      XL: |  1  2  3  4  5  6  7  8  9 |
---------------+----------------------------+-----
Armour         | 3 4 5 6 |  6.4
Dodging        | 3 4 5 6 |  6.4
Fighting       | 4 5 6 |  6.8
Staves         | 2 3 4 |  4.0
Maces & Flails | 1 |  1.2
Polearms       | 1 4 |  4.0
Long Blades    | |  3.9

Action                   |  1- 3 |  4- 6 |  7- 9 || total
-------------------------+-------+-------+-------++-------
Melee: Falchion          |    79 |    34 |       ||   113
       Punch             |     1 |     1 |       ||     2
       Quarterstaff      |       |    38 |   103 ||   141
       Halberd           |       |       |   116 ||   116
       Flail             |       |       |    20 ||    20
Throw: Dart              |       |       |     1 ||     1
Invok: Berserk           |     1 |     3 |     6 ||    10
       Trog's Hand       |       |     1 |       ||     1
  Use: Scroll            |     3 |     3 |     7 ||    13
       Potion            |     1 |       |     5 ||     6
 Stab: Paralysed         |       |       |     1 ||     1
Armor: Animal skin       |    12 |       |       ||    12
       Chain mail        |    17 |    34 |   148 ||   199
       Scale mail        |       |       |    36 ||    36
Dodge: Dodged            |    41 |    24 |   185 ||   250
